 Dungeon Crawl Stone Soup version 0.25.1-9-gc5326a611f (webtiles) character file.

Game seed: 8226347628546910999

1519 GameOver the Covert (level 8, -3/62 HPs)
             Began as a Naga Wizard on Jan 1, 2021.
             Slain by Maggie
             ... wielding a +0 scimitar
              (6 damage)
             ... on level 6 of the Dungeon.
             The game lasted 00:29:01 (4569 turns).

GameOver the Covert (Naga Wizard)                   Turns: 4569, Time: 00:29:01

Health: -3/62      AC:  3    Str: 15    XL:     8   Next: 84%
Magic:  12/12      EV: 10    Int: 21    God:
Gold:   128        SH:  0    Dex: 10    Spells: 4/13 levels left

rFire    . . .     SeeInvis +   s - +0 spear
rCold    . . .     Gourm    .   (no shield)
rNeg     . . .     Faith    .   a - +0 robe
rPois    +         Spirit   .   b - +0 hat
rElec    .         Reflect  .   (no cloak)
rCorr    .         Harm     .   (no gloves)
MR       +....                  (no barding)
Stlth    ++++......             (no amulet)
HPRegen  0.20/turn              y - +6 ring of strength
MPRegen  0.13/turn              (no ring)

@: mesmerised, very slow
A: large, see invisible, deformed body, poison resistance, slowness 2, slow
metabolism 1, spit poison 1, AC +2
a: Spit Poison


You were on level 6 of the Dungeon.
You were not hungry.

You visited 2 branches of the dungeon, and saw 7 of its levels.

You collected 212 gold pieces.
You spent 84 gold pieces at shops.

Inventory:

Hand Weapons
 s - a +0 spear (weapon)
 u - a +0 dagger of venom
 w - a +0 short sword
Armour
 a - a +0 robe (worn)
 b - a +0 hat (worn)
 h - a +0 leather armour
 q - a +0 ring mail of cold resistance
Jewellery
 y - a +6 ring of strength (left hand)
Wands
 x - a wand of enslavement (5)
Scrolls
 c - 2 scrolls of teleportation
 f - 3 scrolls of enchant weapon {unknown}
 g - 2 scrolls of identify {unknown}
 i - 4 scrolls of remove curse
 k - a scroll of fog {unknown}
 l - 2 scrolls of immolation {unknown}
 m - 3 scrolls of fear {unknown}
 r - a scroll of amnesia {unknown}
 A - a scroll of noise {unknown}
Potions
 e - 2 potions of ambrosia
 j - 3 potions of might
 n - 2 potions of heal wounds
 o - a potion of flight {unknown}
 p - 3 potions of curing
 t - a potion of mutation {unknown}
 v - a potion of lignification
Comestibles
 d - 15 rations
 z - a chunk of flesh


   Skills:
 - Level 1.5 Dodging
 - Level 9.0 Stealth
 + Level 3.1 Spellcasting
 - Level 6.0 Conjurations
   Level 1.0 Summonings
 + Level 1.6 Translocations
 + Level 0.7 Fire Magic
 + Level 0.9 Air Magic
 * Level 8.5 Poison Magic


You had 4 spell levels left.
You knew the following spells:

 Your Spells              Type           Power        Failure   Level  Hunger
a - Magic Dart            Conj           ####         1%          1    None
b - Blink                 Tloc           N/A          10%         2    ##.....
d - Mephitic Cloud        Conj/Pois/Air  ###.....     4%          3    ###....
f - Conjure Flame         Conj/Fire      ###.....     10%         3    ###....

Your spell library contained the following spells:

 Spells                   Type           Power        Failure   Level  Hunger
 Call Imp                 Summ           #.......     13%         2    ##.....
 Slow                     Hex            #.......     21%         2    ##.....


Dungeon Overview and Level Annotations

Branches:
Dungeon (6/15)             Temple (1/1) D:5

Altars:
Ashenzari
Cheibriados
Dithmenos
Elyvilon
Gozag
Hepliaklqana
Makhleb
Nemelex Xobeh
Ru
Sif Muna
Uskayaw
Vehumet
Wu Jian
The Shining One
Lugonu

Shops:
D:5 *

Annotations:
D:6 Maggie


Innate Abilities, Weirdness & Mutations

You cannot wear boots.
Your serpentine skin is tough. (AC +2)
You have supernaturally acute eyesight. (SInv)
Armour fits poorly on your strangely shaped body.
Your system is resistant to poisons. (rPois)
You cover ground very slowly.
You have a slow metabolism.
You can spit poison.


Message History

* * * LOW HITPOINT WARNING * * *
You closely miss Maggie.
Maggie is lightly wounded.
Maggie hits you with a +0 scimitar!
* * * LOW HITPOINT WARNING * * *
You barely miss Maggie.
Maggie is lightly wounded.
Maggie casts a spell.
Maggie draws you further into her thrall.
You barely miss Maggie.
Maggie is lightly wounded.
Maggie misses you.
You hit Maggie but do no damage.
Maggie is lightly wounded.
Maggie gestures wildly while chanting.
Maggie draws you further into her thrall.
You barely miss Maggie.
Maggie is lightly wounded.
Maggie hits you with a +0 scimitar.
You die...

###########
###.........#
#...........##
#.....###....#
#..8..._...8.#
########......).....#
#.........8.......8.#
#...@@..#...........#
#.......#.8.......8.#
#.......#...........#
#.......#.........###
#.......#...'.....#
#.......+...#.....#
#.......#...#.....#
#.......#...##.####
###.....#'####.#######


You could see Maggie (mesmerising).

Vanquished Creatures
  Pikel (D:4)
  A sky beast (D:5)
  An orc warrior (D:5)
  A slave (D:4)
  3 ogres
  A phantom (D:5)
  A centaur (D:5)
  A crimson imp (D:5)
  2 hounds (D:5)
  2 orc priests (D:5)
  Terence (D:2)
  An iguana (D:6)
  2 orc wizards
  A worker ant (D:4)
  12 adders
  A shadow imp (D:6)
  2 oozes
  2 adder skeletons (D:5)
  A dart slug (D:3)
  2 worms (D:2)
  28 orcs
  3 giant cockroaches
  6 goblins
  7 hobgoblins
  4 jackals
  6 kobolds
  3 quokkas
  A ball python skeleton (D:4)
  4 bats
  9 frilled lizards
  8 rats
118 creatures vanquished.

Notes
Turn   | Place    | Note
-------+----------+-------------------------------------------
     0 | D:1      | GameOver the Naga Wizard began the quest for the Orb.
     0 | D:1      | Reached XP level 1. HP: 15/15 MP: 4/4
   188 | D:1      | Reached XP level 2. HP: 22/22 MP: 4/6
   458 | D:1      | You fall into a shaft and drop 1 floor!
   478 | D:2      | Reached XP level 3. HP: 17/28 MP: 5/7
   483 | D:2      | Learned a level 2 spell: Blink
   487 | D:2      | Learned a level 3 spell: Mephitic Cloud
   532 | D:2      | Noticed Terence
   612 | D:2      | Found a shadowy altar of Dithmenos.
   917 | D:2      | Reached skill level 1 in Poison Magic
  1043 | D:3      | Reached XP level 4. HP: 36/36 MP: 8/8
  1327 | D:3      | Learned a level 3 spell: Conjure Flame
  1354 | D:3      | Reached XP level 5. HP: 37/42 MP: 2/9
  1451 | D:3      | Found a snail-covered altar of Cheibriados.
  2351 | D:2      | Killed Terence
  2351 | D:2      | Reached skill level 5 in Conjurations
  2351 | D:2      | Reached XP level 6. HP: 46/49 MP: 4/10
  2453 | D:4      | Found a white marble altar of Elyvilon.
  2482 | D:4      | Noticed a slave
  2659 | D:4      | Noticed a slave
  2669 | D:4      | Noticed a slave
  2672 | D:4      | Noticed a slave
  2678 | D:4      | Noticed Pikel
  2696 | D:4      | Killed a slave
  2697 | D:4      | Killed Pikel
  2697 | D:4      | Reached skill level 5 in Stealth
  2697 | D:4      | Reached skill level 5 in Poison Magic
  2697 | D:4      | Reached XP level 7. HP: 26/55 MP: 6/11
  2945 | D:4      | Found a sparkling altar of Nemelex Xobeh.
  2958 | D:4      | Found a sacrificial altar of Ru.
  3145 | D:5      | Entered Level 5 of the Dungeon
  3168 | D:5      | Found an ornate altar of the Wu Jian Council.
  3193 | D:5      | Reached skill level 6 in Stealth
  3277 | D:5      | Reached XP level 8. HP: 38/62 MP: 5/12
  3379 | D:5      | Reached skill level 7 in Stealth
  3434 | D:5      | Reached skill level 8 in Stealth
  3610 | D:5      | Found a staircase to the Ecumenical Temple.
  3619 | Temple   | Entered the Ecumenical Temple
  3794 | D:5      | Found Xoygotoila's General Store.
  3801 | D:5      | Bought a potion of lignification for 36 gold pieces
  3801 | D:5      | Bought a potion of might for 48 gold pieces
  4079 | D:5      | Found a glowing golden altar of the Shining One.
  4166 | D:5      | Reached skill level 9 in Stealth
  4535 | D:6      | Found a hide-covered altar of Uskayaw.
  4556 | D:6      | Noticed Maggie
  4565 | D:6      | HP: 3/62 [Maggie/+0 scimitar (10)]
  4569 | D:6      | Slain by Maggie

Illustrated notes

Levels and vault maps discovered:
D:1:      heliophobic_arrival_ceremonial_halls, layout_loops_cross, hex_tiny
D:2:      layout_loops_corners, nicolae_overflow_crystal_walls, first_ration,
          uniq_terence
D:3:      layout_loops_corners, kennysheep_slug_shrine, grunt_ministairs_2,
          corexii_corridor_pit
D:4:      layout_loops_cross, lemuel_crystal_altar, minitemple, uniq_pikel
D:5:      minmay_diamond_boxcup, layout_loops_ring,
          lemuel_coloured_pillars_altar, lemuel_round_altar,
          minmay_temple_entry_stoned_glass, serial_shops,
          nicolae_shop_competitors_out_of_business,
          chequers_serial_rivers_large_a, st_stairs_12, grunt_ministairs_3,
          kennysheep_generic_room_12
D:6:      layout_gridville, yredelemnul_forgotten_temple_becter,
          eat_drink_and_be_merry_uskayaw, uniq_maggie, uniq_blork_the_orc
Temple:   corrupted_temple

Skill      XL: |  1  2  3  4  5  6  7  8 |
---------------+-------------------------+-----
Conjurations   | 2 3 4 5 6 |  6.0
Poison Magic   | 1 2 3 5 6 8 |  8.5
Stealth        | 5 6 9 |  9.0
Dodging        | |  1.5
Spellcasting   | |  3.1
Summonings     | |  1.0
Translocations | |  1.6
Fire Magic     | |  0.7
Air Magic      | |  0.9

Action                   |  1- 3 |  4- 6 |  7- 9 || total
-------------------------+-------+-------+-------++-------
Melee: Short sword       |    10 |       |       ||    10
       Spear             |       |    19 |    51 ||    70
 Cast: Magic Dart        |    37 |    60 |    73 ||   170
       Mephitic Cloud    |       |     5 |    10 ||    15
       Conjure Flame     |       |       |     1 ||     1
       Blink             |       |       |     1 ||     1
 Abil: Spit Poison       |    21 |    48 |    39 ||   108
  Use: Potion            |     1 |       |     1 ||     2
       Scroll            |       |       |     2 ||     2
 Stab: Confused          |       |     2 |     2 ||     4
       Sleeping          |       |       |     2 ||     2
  Eat: Chunk             |     1 |     8 |     5 ||    14
       Ration            |       |       |     1 ||     1
Armor: Robe              |     6 |     7 |    13 ||    26
Dodge: Dodged            |    17 |    22 |    35 ||    74
